 Dungeon Sprint DCSS version 0.17.2-1-ge4368a0 (webtiles) character file.

40590 mopl the Imperceptible (level 13, -2/76 HPs)
             Began as a Spriggan Assassin on Aug 22, 2016.
             Was the Champion of Trog.
             Slain by a purple ugly thing (14 damage)
             ... while paralysed by a yaktaur captain
             ... in the Dungeon (Sprint III: "The Ten Rune Challenge").
             The game lasted 00:18:58 (4057 turns).

mopl the Imperceptible (Spriggan Assassin)          Turns: 4057, Time: 00:18:58

Health: -2/76      AC:  3    Str:  7    XL:     13   Next: 75%
Magic:  16/18      EV:  4    Int: 12    God:    Trog [******]
Gold:   1578       SH:  0    Dex: 23    Spells: 0 memorised, 12 levels left

rFire  . . .     SeeInvis +     a - +5 rapier (elec)
rCold  . . .     Clarity  .     c - +0 robe
rNeg   . . .     SustAt   .     (shield restricted)
rPois  .         Gourm    .     K - +0 hat
rElec  .         Spirit   .     d - +0 cloak
rCorr  .         Warding  .     (gloves unavailable)
rMut   .         NoTele   +     (boots unavailable)
MR     ++...                    (no amulet)
Stlth  ++++++++++               (no ring)
                                (no ring)

@: paralysed, very slightly contaminated, very quick, very resistant to hostile
enchantments, uncannily stealthy
A: unfitting armour, fangs 1, horns 1, see invisible, herbivore 3, speed 3, low
mp 1, slow metabolism 2
a: Berserk, Trog's Hand, Brothers in Arms, Burn Spellbooks, Renounce Religion


You were in the Dungeon.
You worshipped Trog.
Trog was exalted by your worship.
You were full.

You visited 1 branch You collected 3483 gold pieces.
You spent 1905 gold pieces at shops.

Inventory:

Hand Weapons
 a - a +5 rapier of electrocution (weapon)
 b - a +12 blowgun
 g - a +3 short sword of draining
 D - a +4 scimitar of flaming
 F - a +4 quick blade
 G - a +2 dagger
 L - a +3 antimagic rapier
 M - a +1 rapier of freezing
 N - a +3 rapier of protection
Missiles
 e - 8 poisoned needles
 f - 18 curare-tipped needles
 t - 24 poisoned tomahawks
 v - 7 silver tomahawks
 x - 8 needles of slowing
 y - 10 needles of sleeping
 z - 22 tomahawks of returning (quivered)
 A - 3 steel tomahawks
 B - 27 needles of confusion
 E - 2 needles of frenzy
Armour
 c - a +0 robe (worn)
 d - a +0 cloak (worn)
 K - a +0 hat (worn)
Wands
 P - a wand of polymorph (1)
Scrolls
 m - 2 scrolls of blinking
 n - a scroll of holy word
 o - a scroll of recharging
 p - 3 scrolls of remove curse
 s - 2 scrolls of torment {!r}
 R - a scroll of fear
 S - 2 scrolls of enchant weapon
 T - a scroll of immolation
 U - a scroll of enchant armour
Potions
 h - 2 potions of might
 i - 3 potions of heal wounds
 j - a potion of haste
 k - 2 potions of magic
 l - 2 potions of berserk rage {!q}
 r - 3 potions of flight
 u - 2 potions of cure mutation {!q}
 H - a potion of mutation {!q}
 I - 4 potions of curing
 J - a potion of agility
 W - a potion of cancellation
 Y - a potion of lignification {!q}
Miscellaneous
 w - a fan of gales
 C - a lamp of fire
 Q - a plain deck of changes
 V - a box of beasts
Comestibles
 q - 3 royal jellies
 O - 2 fruits


   Skills:
 + Level 12.6 Fighting
 - Level 14.1 Short Blades
 * Level 22.3 Throwing
 + Level 16.2 Dodging
 + Level 24.2 Stealth
 + Level 9.2 Evocations


You had 12 spell levels left.
You didn't know any spells.

Dungeon Overview and Level Annotations

Branches:
Dungeon (1/1)

Altars:
Cheibriados
Dithmenos
Elyvilon
Fedhas
Gozag
Kikubaaqudgha
Makhleb
Nemelex Xobeh
Okawaru
Qazlal
Ru
Sif Muna
Trog
Vehumet
Xom
Yredelemnul
Zin
The Shining One
Jiyva
Lugonu

Shops:
D ?[}([=:?%%*}(=*

Annotations:
D exclusion: 2 statues


Innate Abilities, Weirdness & Mutations

You are tiny and cannot use many weapons and most armour.
You have supernaturally acute eyesight.
You are a herbivore.
You cover ground extremely quickly.
You need consume almost no food.
You have very sharp teeth.
You have a pair of small horns on your head.
Your magical capacity is low (-10% MP).


Message History

The purple ugly thing gurgles horribly!
You hit the purple ugly thing.
The purple ugly thing is lightly wounded.
The yaktaur captain shouts!
The purple ugly thing pecks you!
The yaktaur captain shoots a bolt.
The bolt misses you.
The yaktaur captain shoots a bolt.
The bolt misses you.
There is an open door here.
The yaktaur captain shoots a bolt.
The bolt hits you!!!
Ouch! That really hurt!
* * * LOW HITPOINT WARNING * * *
You suddenly lose the ability to move!
The yaktaur captain unwields an uncursed arbalest of chaos.
The yaktaur captain completely misses the bush.
The yaktaur captain hits the bush but does no damage.
The purple ugly thing pecks you!
* * * LOW HITPOINT WARNING * * *
The yaktaur captain completely misses the bush.
The purple ugly thing claws you!
You die...

##§.≈≈≈# #≈.§#≈≈# ##.##§≈#
§###≈≈≈#
§≈≈§≈≈≈################+##
≈≈§§≈≈§#§..#(..#[.#......#
#≈≈≈≈≈≈#§.§#)..#..#..PPP.#
#)≈≈≈≈≈##'###'##.u#..PcP.#
###≈≈###.......'@uu..PPP.#
+ #)##.#.#####.####......#
#####..'.#(..'.#..#......#
....'..#######.'..#......#
########.....#.####u.....#
#.∩⌠⌠∩.#..#..#†#..#......#
#.∩⌠⌠!.#.#)#.#.'..#(.....#
#.∩∩∩∩.#....)#.#..#......#
#.∩∩∩∩.#)....#.#..#......#


You could see a yaktaur captain and 3 ugly things.

Vanquished Creatures
  Rupert (D)
  Gastronok (D)
  Harold (D)
  4 azure jellies (D)
  Maud (D)
  Azrael (D)
  2 dire elephants (D)
  Josephine (D)
  A fire dragon (D)
  4 death yaks (D)
  4 dancing weapons (D)
  3 centaur warriors (D)
  A deep elf knight (D)
  An unseen horror (D)
  A giant orange brain (shapeshifter) (D)
  A lindwurm (D)
  3 death drakes (D)
  Joseph (D)
  2 ugly things (D)
  A deep elf conjurer (D)
  An orc knight (D)
  3 crystal guardians (D)
  2 elephants (D)
  2 black mambas (D)
  2 spiny frogs (D)
  A fire drake (D)
  3 wandering mushrooms (D)
  A komodo dragon (D)
  4 yaktaurs (D)
  4 deep elf priests (D)
  4 spriggan defenders (D)
  8 blink frogs (D)
  3 orc high priests (D)
  3 redbacks (D)
  A shadow (D)
  A spatial vortex (D)
  A swamp drake (D)
  3 swamp dragon skeletons (D)
  A necrophage (D)
  2 centaurs (D)
  An earth elemental (D)
  2 brain worms (D)
  A water elemental (D)
  An electric eel (D)
  A jelly (D)
  A wizard (D)
  2 orc priests (D)
  Crazy Yiuf (D)
  2 orc wizards (D)
  A necromancer (D)
  3 humans (D)
  A kobold demonologist (D)
  2 oozes (D)
  5 orcs (D)
  2 rats (D)
  2 plants (D)
113 creatures vanquished.

Vanquished Creatures (collateral kills)
  An orange crystal statue (D)
  A crystal guardian (D)
  2 orc warriors (D)
  3 orc priests (D)
  An orc wizard (D)
  2 orcs (D)
10 creatures vanquished.

Vanquished Creatures (others)
  2 draconian scorchers (D)
  2 hydras (D)
  3 yaktaurs (D)
  A giant spore (D)
  8 plants (D)
16 creatures vanquished.

Grand Total: 139 creatures vanquished

Notes
Turn   | Place    | Note
--------------------------------------------------------------
     0 | D        | mopl the Spriggan Assassin began the quest for the Orb.
     0 | D        | Reached XP level 1. HP: 10/10 MP: 2/2
     9 | D        | Reached skill level 3 in Throwing
     9 | D        | Reached skill level 6 in Stealth
    11 | D        | Reached skill level 4 in Throwing
    11 | D        | Reached XP level 2. HP: 14/14 MP: 3/3
    45 | D        | Reached skill level 7 in Stealth
    53 | D        | Noticed Crazy Yiuf
    77 | D        | Killed Crazy Yiuf
    77 | D        | Reached skill level 5 in Throwing
    77 | D        | Reached skill level 8 in Stealth
    77 | D        | Reached XP level 3. HP: 16/18 MP: 4/4
    95 | D        | Killed a yaktaur
   122 | D        | Reached skill level 6 in Throwing
   134 | D        | Gained mutation: You have very sharp teeth. [potion of mutation]
   134 | D        | Gained mutation: Your body sometimes deteriorates upon taking damage. [potion of mutation]
   134 | D        | Gained mutation: Your magical capacity is low (-10% MP). [potion of mutation]
   135 | D        | Gained mutation: You tend to lose your temper in combat. [potion of mutation]
   135 | D        | Gained mutation: You have a pair of small horns on your head. [potion of mutation]
   135 | D        | Gained mutation: You can translocate small distances at will. [potion of mutation]
   136 | D        | Lost mutation: You tend to lose your temper in combat. [potion of cure mutation]
   136 | D        | Lost mutation: Your body sometimes deteriorates upon taking damage. [potion of cure mutation]
   136 | D        | Lost mutation: You can translocate small distances at will. [potion of cure mutation]
   142 | D        | Noticed a water elemental
   145 | D        | Killed a water elemental
   145 | D        | Reached skill level 7 in Throwing
   145 | D        | Reached skill level 10 in Stealth
   145 | D        | Reached XP level 4. HP: 22/22 MP: 4/4
   151 | D        | Found an iron altar of Okawaru.
   152 | D        | Found a bloodstained altar of Trog.
   152 | D        | Noticed a human
   152 | D        | Noticed a human
   154 | D        | Killed a human
   154 | D        | Reached skill level 10 in Throwing
   154 | D        | Reached skill level 12 in Stealth
   154 | D        | Reached XP level 5. HP: 25/25 MP: 5/5
   155 | D        | Killed a human
   155 | D        | Reached skill level 11 in Throwing
   155 | D        | Reached skill level 13 in Stealth
   155 | D        | Reached XP level 6. HP: 30/30 MP: 6/6
   161 | D        | Became a worshipper of Trog the Wrathful
   167 | D        | Found a glowing silver altar of Zin.
   168 | D        | Found a glowing golden altar of the Shining One.
   168 | D        | Found a white marble altar of Elyvilon.
   168 | D        | Noticed a deep elf priest
   170 | D        | Killed a deep elf priest
   170 | D        | Reached skill level 12 in Throwing
   170 | D        | Reached skill level 14 in Stealth
   170 | D        | Reached XP level 7. HP: 33/33 MP: 7/7
   180 | D        | Found a radiant altar of Vehumet.
   181 | D        | Found a deep blue altar of Sif Muna.
   181 | D        | Found an ancient bone altar of Kikubaaqudgha.
   181 | D        | Noticed a wizard
   182 | D        | Killed a wizard
   182 | D        | Reached * piety under Trog
   186 | D        | Reached ** piety under Trog
   186 | D        | Reached *** piety under Trog
   207 | D        | Killed a white draconian scorcher
   212 | D        | Found a snail-covered altar of Cheibriados.
   212 | D        | Noticed a necrophage
   213 | D        | Found a basalt altar of Yredelemnul.
   213 | D        | Found a blossoming altar of Fedhas.
   213 | D        | Noticed a necromancer
   214 | D        | Killed a necrophage
   214 | D        | Reached skill level 13 in Throwing
   215 | D        | Killed a necromancer
   215 | D        | Reached skill level 15 in Stealth
   223 | D        | Noticed a jelly
   224 | D        | Noticed a shadow
   226 | D        | Killed a shadow
   226 | D        | Reached skill level 2 in Fighting
   226 | D        | Reached skill level 3 in Short Blades
   234 | D        | Killed a jelly
   234 | D        | Received a gift from Trog
   264 | D        | Killed a white draconian scorcher
   316 | D        | Killed a yaktaur
   374 | D        | Found a stormy altar of Qazlal.
   375 | D        | Found a sacrificial altar of Ru.
   375 | D        | Found a burning altar of Makhleb.
   375 | D        | Found a viscous altar of Jiyva.
   375 | D        | Found a shimmering altar of Xom.
   375 | D        | Found a shadowy altar of Dithmenos.
   375 | D        | Found a sparkling altar of Nemelex Xobeh.
   375 | D        | Found a corrupted altar of Lugonu.
   375 | D        | Found an opulent altar of Gozag.
   375 | D        | Noticed a spatial vortex
   378 | D        | Killed a spatial vortex
   378 | D        | Reached XP level 8. HP: 36/39 MP: 8/8
   392 | D        | Noticed Josephine
   394 | D        | Killed Josephine
   394 | D        | Reached **** piety under Trog
   394 | D        | Received a gift from Trog
   394 | D        | Reached skill level 4 in Fighting
   394 | D        | Reached skill level 5 in Short Blades
   394 | D        | Reached skill level 14 in Throwing
   394 | D        | Reached skill level 16 in Stealth
   402 | D        | Noticed an earth elemental
   405 | D        | Killed an earth elemental
   410 | D        | Noticed a centaur
   410 | D        | Noticed a centaur warrior
   410 | D        | Noticed a centaur
   412 | D        | Killed a centaur
   412 | D        | Reached skill level 6 in Short Blades
   414 | D        | Killed a centaur warrior
   414 | D        | Reached skill level 5 in Fighting
   414 | D        | Reached skill level 7 in Short Blades
   414 | D        | Reached skill level 15 in Throwing
   414 | D        | Reached skill level 17 in Stealth
   414 | D        | Reached XP level 9. HP: 42/47 MP: 9/9
   415 | D        | Killed a centaur
   415 | D        | Received a gift from Trog
   430 | D        | Noticed an unseen horror
   432 | D        | Killed an unseen horror
   432 | D        | Received a gift from Trog
   432 | D        | Reached skill level 6 in Fighting
   440 | D        | Noticed a wandering mushroom
   444 | D        | Noticed Harold
   444 | D        | Noticed Joseph
   455 | D        | Killed Harold
   455 | D        | Reached ***** piety under Trog
   455 | D        | Reached skill level 7 in Fighting
   455 | D        | Reached skill level 9 in Short Blades
   455 | D        | Reached skill level 16 in Throwing
   455 | D        | Reached skill level 18 in Stealth
   455 | D        | Reached XP level 10. HP: 28/55 MP: 10/10
   466 | D        | Killed Joseph
   466 | D        | Received a gift from Trog
   488 | D        | Killed a seven-headed hydra
   610 | D        | Noticed an orc high priest
   610 | D        | Noticed an orc priest
   612 | D        | Noticed a yaktaur
   614 | D        | Noticed a yaktaur
   614 | D        | Killed a yaktaur
   615 | D        | Noticed a yaktaur
   618 | D        | Killed a yaktaur
   618 | D        | Reached skill level 17 in Throwing
   619 | D        | Noticed a yaktaur
   627 | D        | Killed a yaktaur
   627 | D        | Reached skill level 19 in Stealth
   635 | D        | Killed a yaktaur
   635 | D        | Reached skill level 10 in Short Blades
   648 | D        | Noticed Azrael
   650 | D        | Killed Azrael
   650 | D        | Received a gift from Trog
   650 | D        | Reached skill level 8 in Fighting
   650 | D        | Reached skill level 4 in Dodging
   653 | D        | Killed a seven-headed hydra
   948 | D        | Killed a wandering mushroom
   950 | D        | Noticed a wandering mushroom
   954 | D        | Killed a wandering mushroom
   957 | D        | Noticed a wandering mushroom
   963 | D        | Killed a wandering mushroom
   963 | D        | Reached skill level 5 in Dodging
   963 | D        | Reached XP level 11. HP: 60/60 MP: 10/10
  1011 | D        | Noticed a spiny frog
  1011 | D        | Noticed a komodo dragon
  1011 | D        | Noticed a spiny frog
  1017 | D        | Killed a spiny frog
  1022 | D        | Killed a spiny frog
  1022 | D        | Received a gift from Trog
  1030 | D        | Killed a komodo dragon
  1030 | D        | Reached skill level 6 in Dodging
  1188 | D        | Noticed a swamp drake
  1188 | D        | Noticed a fire drake
  1189 | D        | Killed a fire drake
  1189 | D        | Received a gift from Trog
  1189 | D        | Reached skill level 11 in Short Blades
  1189 | D        | Reached skill level 18 in Throwing
  1205 | D        | Killed a swamp drake
  1218 | D        | Noticed a redback
  1220 | D        | Killed a redback
  1221 | D        | Noticed a brain worm
  1224 | D        | Killed a brain worm
  1224 | D        | Reached ****** piety under Trog
  1224 | D        | Received a gift from Trog
  1229 | D        | Noticed a brain worm
  1231 | D        | Killed a brain worm
  1234 | D        | Noticed a lindwurm
  1236 | D        | Noticed a redback
  1237 | D        | Killed a lindwurm
  1237 | D        | Reached skill level 7 in Dodging
  1237 | D        | Reached skill level 20 in Stealth
  1239 | D        | Killed a redback
  1243 | D        | Noticed a redback
  1244 | D        | Killed a redback
  1245 | D        | Noticed Maud
  1247 | D        | Killed Maud
  1247 | D        | Reached skill level 9 in Fighting
  1247 | D        | Reached skill level 8 in Dodging
  1251 | D        | Noticed an electric eel
  1363 | D        | Killed an electric eel
  1598 | D        | Noticed a death drake
  1601 | D        | Killed a death drake
  1601 | D        | Received a gift from Trog
  1636 | D        | Noticed a blink frog
  1636 | D        | Noticed a blink frog
  1637 | D        | Noticed a blink frog
  1637 | D        | Noticed a blink frog
  1640 | D        | Killed a blink frog
  1642 | D        | Noticed a blink frog
  1649 | D        | Killed a blink frog
  1649 | D        | Received a gift from Trog
  1662 | D        | Killed a blink frog
  1662 | D        | Killed a blink frog
  1662 | D        | Reached skill level 9 in Dodging
  1668 | D        | Killed a blink frog
  1668 | D        | Received a gift from Trog
  1837 | D        | Noticed Rupert
  1841 | D        | Killed Rupert
  1841 | D        | Reached skill level 12 in Short Blades
  1841 | D        | Reached skill level 19 in Throwing
  1841 | D        | Reached skill level 10 in Dodging
  1841 | D        | Reached skill level 21 in Stealth
  1848 | D        | Noticed a death yak
  1849 | D        | Noticed a death yak
  1849 | D        | Noticed a blink frog
  1855 | D        | Killed a death yak
  1855 | D        | Reached XP level 12. HP: 67/67 MP: 11/11
  1856 | D        | Noticed an azure jelly
  1856 | D        | Noticed a death yak
  1856 | D        | Noticed an azure jelly
  1856 | D        | Noticed a blink frog
  1856 | D        | Noticed a death yak
  1857 | D        | Killed a death yak
  1857 | D        | Reached skill level 10 in Fighting
  1858 | D        | Killed a blink frog
  1858 | D        | Received a gift from Trog
  1860 | D        | Noticed a blink frog
  1860 | D        | Noticed a black mamba
  1861 | D        | Killed a death yak
  1861 | D        | Reached skill level 11 in Dodging
  1887 | D        | Killed a death yak
  1887 | D        | Received a gift from Trog
  1958 | D        | Killed a blink frog
  1965 | D        | Killed a blink frog
  1979 | D        | Noticed a black mamba
  2000 | D        | Killed a black mamba
  2000 | D        | Reached skill level 13 in Short Blades
  2007 | D        | Killed a black mamba
  2030 | D        | Noticed a death drake
  2030 | D        | Noticed a swamp dragon skeleton
  2032 | D        | Killed a death drake
  2035 | D        | Noticed a death drake
  2036 | D        | Found Aqosh's Magic Scroll Shoppe.
  2036 | D        | Found Quotauma's Antique Armour Boutique.
  2036 | D        | Found Nuicriot's Gadget Emporium.
  2036 | D        | Noticed a swamp dragon skeleton
  2036 | D        | Noticed a swamp dragon skeleton
  2037 | D        | Killed a swamp dragon skeleton
  2042 | D        | Killed a death drake
  2042 | D        | Received a gift from Trog
  2042 | D        | Reached skill level 20 in Throwing
  2055 | D        | Killed a swamp dragon skeleton
  2055 | D        | Reached skill level 12 in Dodging
  2060 | D        | Killed a swamp dragon skeleton
  2110 | D        | Noticed an elephant
  2111 | D        | Noticed an elephant
  2111 | D        | Noticed a dire elephant
  2111 | D        | Noticed a dire elephant
  2111 | D        | Noticed Gastronok
  2136 | D        | Killed an elephant
  2152 | D        | Killed an elephant
  2192 | D        | Killed a dire elephant
  2192 | D        | Reached skill level 22 in Stealth
  2224 | D        | Killed a dire elephant
  2250 | D        | Noticed an azure jelly
  2252 | D        | Noticed an azure jelly
  2281 | D        | Killed Gastronok
  2281 | D        | Received a gift from Trog
  2281 | D        | Received a gift from Trog
  2281 | D        | Reached skill level 11 in Fighting
  2281 | D        | Reached skill level 13 in Dodging
  2495 | D        | Killed an azure jelly
  2659 | D        | Killed an azure jelly
  2659 | D        | Reached skill level 14 in Short Blades
  2673 | D        | Killed an azure jelly
  2673 | D        | Reached skill level 21 in Throwing
  2673 | D        | Reached skill level 14 in Dodging
  2673 | D        | Reached skill level 2 in Evocations
  2673 | D        | Reached XP level 13. HP: 31/74 MP: 11/14
  2887 | D        | Killed an azure jelly
  2887 | D        | Reached skill level 23 in Stealth
  2887 | D        | Reached skill level 3 in Evocations
  2959 | D        | Found Hiyrauq's Weapon Shoppe.
  2960 | D        | Noticed an orc warrior
  2960 | D        | Noticed an orc priest
  2960 | D        | Noticed an orc priest
  2960 | D        | Noticed an orc warrior
  2960 | D        | Noticed an orc wizard
  2960 | D        | Noticed an orc wizard
  2960 | D        | Noticed an orc priest
  2960 | D        | Noticed an orc knight
  2960 | D        | Noticed an orc priest
  2960 | D        | Noticed an orc wizard
  2960 | D        | Noticed an orc priest
  2962 | D        | Killed an orc priest
  2962 | D        | Received a gift from Trog
  2977 | D        | Killed an orc knight
  2977 | D        | Received a gift from Trog
  2977 | D        | Reached skill level 4 in Evocations
  2993 | D        | Killed an orc warrior
  2995 | D        | Killed an orc priest
  2999 | D        | Killed an orc warrior
  3002 | D        | Killed an orc wizard
  3013 | D        | Killed an orc priest
  3013 | D        | Received a gift from Trog
  3023 | D        | Killed an orc priest
  3062 | D        | Killed an orc wizard
  3074 | D        | Killed a yaktaur
  3145 | D        | Killed an orc wizard
  3145 | D        | Received a gift from Trog
  3298 | D        | Killed an orc priest
  3327 | D        | Bought a +12 blowgun for 838 gold pieces
  3338 | D        | Noticed a deep elf conjurer
  3338 | D        | Noticed a deep elf priest
  3338 | D        | Noticed a deep elf priest
  3338 | D        | Noticed a deep elf knight
  3338 | D        | Noticed a deep elf priest
  3350 | D        | Killed a deep elf knight
  3350 | D        | Received a gift from Trog
  3362 | D        | Killed a deep elf priest
  3362 | D        | Reached skill level 5 in Evocations
  3375 | D        | Killed a deep elf conjurer
  3397 | D        | Killed a deep elf priest
  3406 | D        | Killed a deep elf priest
  3547 | D        | Noticed an orc high priest
  3547 | D        | Noticed an orc high priest
  3622 | D        | Killed an orc high priest
  3622 | D        | Received a gift from Trog
  3650 | D        | Killed an orc high priest
  3656 | D        | Killed an orc high priest
  3682 | D        | Noticed an orange crystal statue
  3686 | D        | Noticed a spriggan defender
  3687 | D        | Noticed a spriggan defender
  3687 | D        | Noticed a spriggan defender
  3687 | D        | Noticed a spriggan defender
  3702 | D        | Killed a spriggan defender
  3702 | D        | Reached skill level 12 in Fighting
  3702 | D        | Reached skill level 6 in Evocations
  3728 | D        | Killed a spriggan defender
  3733 | D        | Killed a spriggan defender
  3777 | D        | Killed a spriggan defender
  3782 | D        | Found Ponnuvvy's Food Emporium.
  3782 | D        | Found Tozeifar's Gadget Shop.
  3782 | D        | Found Cishronk's Magic Scroll Boutique.
  3782 | D        | Found Leisisoo's Assorted Antiques.
  3782 | D        | Found Qiotreh's Food Boutique.
  3782 | D        | Found Jewes's Assorted Antiques.
  3782 | D        | Found Mutrier's Book Shoppe.
  3782 | D        | Found Uxustiq's Jewellery Shop.
  3782 | D        | Found Kuixuf's Jewellery Shop.
  3782 | D        | Found Otiev's Distillery.
  3782 | D        | Found Ufeto's Antique Armour Emporium.
  3782 | D        | Found Vekequdgh's Antique Weapon Boutique.
  3800 | D        | Bought a scroll of blinking for 97 gold pieces
  3800 | D        | Bought a scroll of remove curse for 39 gold pieces
  3800 | D        | Bought a scroll of identify for 26 gold pieces
  3800 | D        | Bought a scroll of fear for 45 gold pieces
  3800 | D        | Bought a scroll of enchant weapon for 97 gold pieces
  3800 | D        | Bought a scroll of identify for 26 gold pieces
  3800 | D        | Bought a scroll of immolation for 45 gold pieces
  3800 | D        | Bought a scroll of identify for 26 gold pieces
  3800 | D        | Bought a scroll of identify for 26 gold pieces
  3800 | D        | Bought a scroll of identify for 26 gold pieces
  3800 | D        | Bought a scroll of enchant weapon for 97 gold pieces
  3800 | D        | Bought a scroll of enchant armour for 97 gold pieces
  3805 | D        | Bought a scratched marble ring for 125 gold pieces
  3805 | D        | Bought a metallic dark potion for 22 gold pieces
  3805 | D        | Bought 2 silvery potions for 45 gold pieces
  3806 | D        | Bought a cursed amulet of inaccuracy for 24 gold pieces
  3808 | D        | Bought a potion of lignification for 36 gold pieces
  3825 | D        | Bought a potion of flight for 36 gold pieces
  3825 | D        | Bought a potion of curing for 36 gold pieces
  3825 | D        | Bought a potion of heal wounds for 60 gold pieces
  3825 | D        | Bought a potion of curing for 36 gold pieces
  3842 | D        | Noticed a crystal guardian
  3842 | D        | Noticed a crystal guardian
  3843 | D        | Noticed a crystal guardian
  3847 | D        | Noticed a crystal guardian
  3848 | D        | Killed a crystal guardian
  3848 | D        | Reached skill level 15 in Dodging
  3851 | D        | Killed a crystal guardian
  3852 | D        | Noticed a fire elementalist statue
  3853 | D        | Noticed an earth elementalist statue
  3854 | D        | Killed a crystal guardian
  3872 | D        | Killed a crystal guardian
  3872 | D        | Reached skill level 7 in Evocations
  3898 | D        | Killed an orange crystal statue
  3937 | D        | Noticed a centaur warrior
  3939 | D        | Killed a centaur warrior
  3939 | D        | Received a gift from Trog
  3955 | D        | Noticed a centaur warrior
  3959 | D        | Killed a centaur warrior
  3965 | D        | Noticed a fire dragon
  3967 | D        | Killed a fire dragon
  3967 | D        | Reached skill level 8 in Evocations
  3972 | D        | Noticed a purple ugly thing
  3972 | D        | Noticed a brown ugly thing
  3980 | D        | Killed a brown ugly thing
  3980 | D        | Reached skill level 22 in Throwing
  3985 | D        | Killed a brown ugly thing
  4001 | D        | Noticed a short sword of speed
  4001 | D        | Noticed a vampiric scimitar
  4001 | D        | Noticed a hand axe of chopping
  4003 | D        | Noticed a flail of protection
  4004 | D        | Killed a vampiric scimitar
  4006 | D        | Killed a flail of protection
  4006 | D        | Reached skill level 24 in Stealth
  4009 | D        | Killed a hand axe of chopping
  4009 | D        | Reached skill level 16 in Dodging
  4011 | D        | Killed a short sword of speed
  4011 | D        | Reached skill level 9 in Evocations
  4040 | D        | Noticed a yaktaur captain
  4040 | D        | Noticed a purple ugly thing
  4040 | D        | Noticed a brown ugly thing
  4041 | D        | Noticed a giant orange brain
  4042 | D        | Noticed a purple ugly thing
  4044 | D        | Killed a giant orange brain
  4053 | D        | Paralysed by a yaktaur captain for 4 turns
  4057 | D        | Slain by a purple ugly thing

Action                   |  1- 3 |  4- 6 |  7- 9 | 10-12 | 13-15 || total
-------------------------+-------+-------+-------+-------+-------++-------
Melee: Dagger            |     8 |     3 |    19 |    38 |       ||    68
       Short sword       |       |       |       |    22 |    56 ||    78
       Rapier            |       |       |       |       |    67 ||    67
 Fire: Blowgun           |     6 |       |     1 |    38 |    13 ||    58
Throw: Tomahawk          |       |       |       |   108 |       ||   108
Invok: Burn Spellbooks   |       |       |     1 |       |       ||     1
       Brothers in Arms  |       |       |       |       |     2 ||     2
  Use: Potion            |     4 |       |     1 |     1 |     1 ||     7
       Scroll            |       |       |       |     3 |     5 ||     8
 Stab: Sleeping          |     5 |     3 |    13 |    30 |    23 ||    74
       Confused          |       |       |       |     3 |       ||     3
       Distracted        |       |       |       |       |     2 ||     2
  Eat: Bread ration      |       |       |       |       |     1 ||     1
